Map: World of Sleepers LE

Players

Caledrith - Winner!

  • Race: Protoss Protoss
  • Spawn Location: 7:00

A.I. 1 (Hard)

  • Race: Protoss Protoss
  • Spawn Location: 1:00

VOD

Have the link to the VOD?

Description

4gate practice

Time

  • Played on: Aug. 26, 2019, 11:14 a.m.
  • Length: 5:14
Show
View Real Time Build Order
Export as new Build Order

Caledrith Protoss - Winner!

Build Orders:  

Get SALT Encoding   

  12  0:00  Probe  
  13  0:13  Probe  
  14  0:18  Pylon  
  14  0:25  Probe  
  15  0:34  Probe  
  15  0:38  Gateway  
  15  0:42  Probe  
  16  0:48  Assimilator  
  17  0:51  Probe  
  18  1:03  Pylon  
  18  1:04  Probe  
  19  1:15  Assimilator  
  19  1:19  Probe  
  19  1:22  Gateway  
  19  1:25  Cybernetics Core  
  20  1:31  Probe  
  21  1:35  Zealot  
  23  1:41  Warp Gate  
  23  1:44  Probe  
  24  1:52  Gateway  
  24  1:58  Probe  
  25  2:05  Stalker  
  27  2:17  Gateway  
  27  2:28  Gateway  
  27  2:37  Pylon  
  27  2:45  Stalker  
  28  2:56  Stalker  
  30  3:29  Stalker x2  
  30  3:30  Stalker  
  36  3:37  Stalker  
  36  3:57  Stalker  
  36  3:58  Stalker  
  38  4:04  Pylon  
  38  4:06  Pylon  
  34  4:12  Stalker  
  36  4:30  Stalker x2  
  38  4:34  Stalker  
  40  4:48  Stalker  
  42  5:07  Stalker  
  42  5:08  Stalker x2  
Show
View Real Time Build Order
Export as new Build Order

A.I. 1 (Hard) Protoss 

Build Orders:  

Get SALT Encoding   

  12  0:00  Probe  
  13  0:13  Probe  
  14  0:19  Pylon  
  14  0:25  Probe  
  15  0:34  Probe  
  15  0:42  Probe  
  16  0:47  Assimilator  
  17  0:51  Gateway  
  17  0:52  Probe  
  18  0:59  Pylon  
  18  1:00  Probe  
  19  1:18  Probe  
  20  1:38  Zealot  
  22  1:41  Cybernetics Core  
  22  1:44  Gateway  
  22  1:45  Assimilator  
  22  2:00  Pylon  
  22  2:06  Warp Gate  
  22  2:17  Adept  
  24  2:31  Adept  
  26  2:38  Pylon  
  26  2:47  Adept  
  28  3:01  Probe, Zealot  
  31  3:10  Probe  
  31  3:11  Pylon  
  31  3:17  Stalker  
  31  3:18  Probe  
  35  3:28  Adept  
  35  3:29  Probe  
  38  3:36  Forge  
  38  3:41  Probe  
  38  3:47  Adept  
  41  3:53  Probe  
  34  4:05  Zealot  
  32  4:21  Stalker  
  30  4:26  Stalker  
  25  4:38  Adept  
  24  4:48  Zealot  
  22  4:53  Probe  
  22  4:59  Adept  
  15  5:09  Adept  
Tags
 
Add a new tag
Caveats
  • Supply blocks, unpowered buildings, or Contaminate may cause inaccurate times.
  • Supply counts are checked every 10 seconds.